Map: Galactic Process LE

Players

Fropez

  • Race: Protoss Protoss
  • League: Gold
  • Spawn Location: 7:00

Panker - Winner!

  • Race: Terran Terran
  • League: Platinum
  • Spawn Location: 1:00

VOD

Have the link to the VOD?

Description

Time

  • Played on: Oct. 10, 2016, 12:12 p.m.
  • Length: 9:02
Show
View Real Time Build Order
Export as new Build Order

Fropez Protoss 

Build Orders: 1 Gate Expand, Mass Adepts 

Get SALT Encoding   

  12  0:08  Probe (Chrono Boost)  
  13  0:18  Pylon  
  13  0:19  Probe (Chrono Boost)  
  14  0:29  Probe (Chrono Boost)  
  15  0:40  Gateway  
  15  0:41  Probe (Chrono Boost)  
  16  0:52  Probe (Chrono Boost)  
  16  0:56  Assimilator  
  17  1:02  Probe (Chrono Boost)  
  18  1:23  Nexus  
  18  1:36  Cybernetics Core  
  18  1:37  Probe (Chrono Boost)  
  19  1:44  Pylon  
  19  1:54  Probe (Chrono Boost), Assimilator  
  20  2:05  Gateway  
  20  2:08  Probe (Chrono Boost)  
  21  2:20  Gateway  
  21  2:22  Warp Gate (Chrono Boost)  
  21  2:29  Adept (Chrono Boost)  
  23  2:32  Probe  
  23  2:36  Probe  
  23  2:53  Adept (Chrono Boost)  
  25  3:04  Probe  
  26  3:05  Probe  
  27  3:14  Adept  
  27  3:15  Adept, Mothership Core  
  27  3:19  Probe  
  34  3:31  Probe  
  35  3:39  Pylon  
  35  3:58  Probe  
  35  3:59  Probe  
  37  4:07  Pylon  
  37  4:14  Adept x3  
  43  4:35  Probe  
  43  4:37  Probe  
  45  4:46  Adept x3  
  45  4:48  Twilight Council, Gateway  
  51  5:32  Probe  
  51  5:34  Probe  
  53  5:36  Blink (Chrono Boost)  
  53  5:48  Probe  
  54  5:50  Pylon, Robotics Facility  
  54  5:57  Pylon  
  54  6:00  Pylon  
  54  6:07  Probe  
  54  6:08  Probe  
  54  6:10  Pylon  
  56  6:13  Pylon  
  56  6:20  Stalker x4  
  56  6:21  Probe  
  65  6:42  Warp Prism  
  67  6:47  Stalker x2  
  67  6:48  Stalker x2  
  69  7:13  Stalker x3  
  69  7:14  Stalker  
  75  7:36  Observer  
  76  7:54  Nexus  
  76  7:55  Assimilator  
  74  8:00  Assimilator  
  74  8:03  Pylon  
  68  8:10  Adept, Probe  
  68  8:11  Adept x3  
  68  8:12  Probe  
  78  8:30  Gateway  
  78  8:32  Probe  
  78  8:33  Probe, Gateway  
  80  8:36  Assimilator, Gateway  
  80  8:38  Assimilator  
  72  8:47  Gateway  
  37  8:55  Adept x2  
  37  8:56  Adept x2  
Show
View Real Time Build Order
Export as new Build Order

Panker Terran - Winner!

Build Orders: MMM Bio 

Get SALT Encoding   

  12  0:03  SCV  
  13  0:15  SCV  
  13  0:20  Supply Depot  
  14  0:28  SCV  
  15  0:42  SCV  
  16  0:43  Barracks  
  16  0:49  Refinery  
  16  0:54  SCV  
  17  1:06  SCV  
  18  1:18  SCV  
  19  1:30  SCV  
  20  1:37  Reaper  
  21  1:42  SCV, Command Center  
  22  1:54  SCV  
  22  1:56  Supply Depot  
  23  2:01  Barracks  
  23  2:08  Refinery  
  24  2:23  Orbital Command  
  24  2:25  Barracks Reactor  
  23  2:34  Barracks  
  22  2:58  Orbital Command  
  22  3:01  Barracks Reactor  
  22  3:04  Marine x2  
  24  3:13  Bunker  
  24  3:14  SCV  
  24  3:16  Barracks Tech Lab, Factory  
  25  3:22  Marine x2  
  25  3:25  Barracks Tech Lab  
  25  3:26  SCV x2  
  29  3:56  SCV x2  
  31  4:04  Factory Tech Lab  
  31  4:07  Starport  
  31  4:08  SCV x2  
  33  4:14  Marine x2, Marauder x2  
  33  4:16  Concussive Shells  
  39  4:18  Stimpack  
  39  4:20  SCV x2  
  41  4:31  Marine  
  41  4:35  Marauder  
  41  4:37  Marauder  
  46  4:49  Starport Reactor  
  46  4:58  Supply Depot  
  46  4:59  Supply Depot  
  46  5:02  Marine x2, SCV  
  46  5:03  Marauder x2  
  46  5:04  Combat Shields  
  53  5:09  SCV  
  53  5:14  SCV  
  47  5:24  Marauder  
  46  5:30  Orbital Command  
  46  5:33  Marine x2  
  46  5:34  Marauder  
  50  5:37  Medivac  
  52  5:45  Marauder  
  54  5:56  Siege Tank  
  57  5:58  Marine  
  57  5:59  Marine  
  59  6:09  Marauder x2  
  63  6:16  Marine  
  64  6:44  Engineering Bay  
  64  6:51  Refinery, Medivac x2  
  64  6:52  Marauder  
  64  6:53  Marine x2, Marauder  
  74  7:10  Marine  
  74  7:11  Marine  
  74  7:14  Orbital Command, Marauder  
  78  7:29  Missile Turret  
  78  7:34  Missile Turret  
  78  7:38  Missile Turret  
  78  7:53  Marine x2, SCV x2  
  78  7:54  Marauder  
  78  7:56  Supply Depot  
Tags
 
Add a new tag
Caveats
  • Supply blocks, unpowered buildings, or Contaminate may cause inaccurate times.
  • Supply counts are checked every 10 seconds.